AoeStats
← Dango

Arabian Desert

509592446Analyzed
1v1 RM · 4d ago on Sep 27, 2026· 42m 10s· 2 players
Game mode
Random Map
Map size
Tiny (2 player)
Population
200
Speed
Normal
Resources
Standard
Victory
Conquest
Starting age
Dark Age
Ending age
Imperial Age
RankedLock teamsTeams togetherTeam positionsShared explorationLock speedFull tech treeHidden civsTurbo modeCheats
Victory
Defeat
🇻🇳 Bohemians · Vietnam
971
+16
🇸🇰 Byzantines · Slovakia
971
-16
Micromage
8:23 Loom
10:18 Feudal Age
10:40 Man-at-Arms
12:03 Forging
11:55 Double-Bit Axe
13:08 Scale Mail Armor
18:53 Horse Collar
19:24 Gold Mining
20:29 Fletching
24:30 Castle Age
23:02 Padded Archer Armor
26:03 Husbandry
26:13 Scale Barding Armor
28:05 Gold Shaft Mining
28:02 Bodkin Arrow
29:40 Chain Barding Armor
31:28 Heavy Plow
32:54 Iron Casting
37:26 Wheelbarrow
41:34 Bow Saw
42:14 Stone Mining
Dango
5:10 Loom
11:23 Feudal Age
11:57 Double-Bit Axe
21:10 Fletching
25:12 Castle Age
24:27 Padded Archer Armor
25:54 Bodkin Arrow
25:41 Crossbowman
32:21 Chemistry
41:55 Imperial Age
Connection lost

Rejoining the realm…

Still unreachable

The connection could not be restored.

Session expired

The server has moved on; the page needs a fresh start.